 Dungeon Crawl Stone Soup version 0.25-a0-614-g73ad250 (webtiles) character file.

Game seed: 430804755157343614, levelgen mode: deterministic

74550 robertstho the Protected (level 15, -6/142 HPs)
             Began as a Deep Dwarf Fighter on Mar 17, 2020.
             Was the Champion of Makhleb.
             Mangled by an ettin
             ... wielding the +7 great mace of the Dwarven Hall {vamp, +Blink MR++ Str-2 SInv}
              (60 damage)
             ... on level 15 of the Dungeon.
             The game lasted 01:05:59 (19385 turns).

robertstho the Protected (Deep Dwarf Fighter)      Turns: 19385, Time: 01:05:59

Health: -6/142     AC: 19    Str: 30    XL:     15   Next: 7%
Magic:  1/2        EV: 16    Int: 11    God:    Makhleb [******]
Gold:   1071       SH:  0    Dex: 12    Spells: 14/14 levels left

rFire    . . .     SeeInvis .   c - +4 halberd of Overwhelming Force {vorpal, Int+2}
rCold    + . .     Gourm    .   (shield currently unavailable)
rNeg     + . .     Faith    .   X - +1 scale mail "Zevaimuc" {*Slow rElec rC+ MR+}
rPois    .         Spirit   .   m - +1 helmet
rElec    +         Reflect  .   L - +0 cloak
rCorr    +         Harm     .   V - +2 pair of gloves
MR       +++..                  R - +0 pair of boots
Stlth    ..........             Y - amulet of rage
HPRegen  0.00/turn              s - +4 ring of strength
MPRegen  0.08/turn              P - ring of resist corrosion

@: non-regenerating, lightly drained
A: damage resistance, heal wounds, negative energy resistance 1, sense
surroundings 2, no regeneration
a: Heal Wounds, Minor Destruction, Lesser Servant of Makhleb, Major Destruction,
Greater Servant of Makhleb, Renounce Religion, Evoke Berserk Rage


You were on level 15 of the Dungeon.
You worshipped Makhleb.
Makhleb was exalted by your worship.
You were not hungry.

You visited 4 branches of the dungeon, and saw 24 of its levels.
You also visited: Ossuary, Bailey and Volcano.

You collected 2547 gold pieces.
You spent 1476 gold pieces at shops.

Inventory:

Hand Weapons
 c - the +4 halberd of Overwhelming Force (weapon) {vorpal, Int+2}
   (You found it on level 14 of the Dungeon)

   It inflicts extra damage upon your enemies.
   It affects your intelligence (+2).
 r - a +7 demon trident
 y - a +2 vorpal broad axe
 H - a +0 scimitar of flaming
 S - a +1 great sword of flaming
Missiles
 D - 28 javelins (quivered)
Armour
 k - the +1 pair of gloves "Efrymodd" {rN+ Regen+ Stlth+}
   (You found it on level 6 of the Dungeon)

   It protects you from negative energy.
   It increases your rate of regeneration.
   It makes you more stealthy.
 m - a +1 helmet (worn)
 u - a +0 plate armour
 B - a +2 kite shield of reflection
 I - +0 fire dragon scales
 L - a +0 cloak (worn)
 Q - a +0 tower shield
 R - a +0 pair of boots (worn)
 V - a +2 pair of gloves (worn)
 X - the +1 scale mail "Zevaimuc" (worn) {*Slow rElec rC+ MR+}
   (You found it on level 4 of the Lair of Beasts)

   It protects you from cold.
   It insulates you from electricity.
   It affects your resistance to hostile enchantments.
   It may slow you when you take damage.
Jewellery
 a - an uncursed amulet of the acrobat
 s - a +4 ring of strength (left hand)
 P - a ring of resist corrosion (right hand)
 Y - an amulet of rage (around neck)
Wands
 j - a wand of flame (13)
 l - a wand of digging (6)
 C - a wand of polymorph (3)
 J - a wand of iceblast (22)
 K - a wand of enslavement (12)
Scrolls
 e - 2 scrolls of magic mapping
 g - 7 scrolls of fog
 n - 9 scrolls of enchant armour
 q - 4 scrolls of teleportation
 t - 6 scrolls of remove curse
 A - 2 scrolls of enchant weapon
 M - a scroll of silence
 N - a scroll of immolation
Potions
 b - a potion of curing
 d - 3 potions of ambrosia
 h - 2 potions of magic
 o - a potion of cancellation
 p - 4 potions of mutation
 v - a potion of brilliance
 w - a potion of berserk rage
 z - 2 potions of might
 E - a potion of haste
 F - 5 potions of stabbing
 G - a potion of resistance
Comestibles
 f - 29 rations
 x - 3 chunks of flesh


   Skills:
 * Level 11.3(11.2) Fighting
 + Level 7.3(7.2) Long Blades
 + Level 12.9(13.3) Axes
 + Level 4.7(8.6) Polearms
 * Level 13.0(12.9) Armour
 * Level 11.0 Dodging
 + Level 0.8 Stealth
 + Level 9.6(9.5) Shields
 * Level 11.0 Invocations
 + Level 1.7(1.6) Evocations


You had 14 spell levels left.
You didn't know any spells.
Your spell library contained the following spells:

 Spells                   Type           Power        Failure   Level  Hunger
 Infusion                 Chrm           #...         52%         1    ##.....
 Shock                    Conj/Air       #...         52%         1    ##.....
 Sting                    Tmut/Pois      #...         52%         1    ##.....
 Poisonous Vapours        Pois/Air       #.....       67%         2    ###....
 Swiftness                Chrm/Air       #.......     67%         2    ###....
 Ignite Poison            Fire/Tmut/Pois #.......     88%         3    ####...
 Inner Flame              Hex/Fire       #.......     88%         3    ####...
 Mephitic Cloud           Conj/Pois/Air  #.......     88%         3    ####...
 Ozocubu's Armour         Chrm/Ice       #.......     88%         3    ####...
 Spider Form              Tmut/Pois      #.........   88%         3    ####...
 Static Discharge         Conj/Air       #.......     88%         3    ####...
 Tukima's Dance           Hex            #.......     88%         3    ####...
 Airstrike                Air            #.........   99%         4    #####..
 Ice Form                 Ice/Tmut       #.......     99%         4    #####..
 Leda's Liquefaction      Hex/Erth       #.........   99%         4    #####..
 Iskenderun's Battlesphe  Conj/Chrm      #.......     100%        5    ######.
 Lightning Bolt           Conj/Air       #.........   100%        5    ######.


Dungeon Overview and Level Annotations

Branches:
Dungeon (15/15)            Temple (1/1) D:7            Lair (6/6) D:9
 Shoals (0/4) Lair:4        Snake (0/4) Lair:3        Slime (0/5) Lair:5
    Orc (2/2) D:11            Elf (0/3) Orc:2        Vaults (0/5) D:14
 Depths (0/5) D:15        Ossuary (visited)          Bailey (visited)
Volcano (visited)

Altars:
Ashenzari
Cheibriados
Dithmenos
Elyvilon
Fedhas
Gozag
Hepliaklqana
Kikubaaqudgha
Makhleb
Nemelex Xobeh
Okawaru
Qazlal
Ru
Sif Muna
Trog
Uskayaw
Vehumet
Wu Jian
Xom
Yredelemnul
The Shining One
Beogh

Shops:
D:4 (   D:7 :   D:8 !%   D:10 *   Orc:2 =*[:

Annotations:
D:10 Xuty's ghost, journeyman GnFi
D:15 1 transporter, snetch's ghost, journeyman MiBe


Innate Abilities, Weirdness & Mutations

You are resistant to damage.
You can heal yourself by infusing magical energy.
You resist negative energy. (rN+)
You passively map the area around you.
You do not regenerate.


Message History

The ettin hits you with a +1 giant club of flaming!!
The ettin burns you.
The moth of wrath goads the orc knight on!
The orc knight goes berserk!
The moth of wrath goads the two-headed ogre on!
The two-headed ogre goes berserk!
The moth of wrath goads the ettin on!
The ettin goes berserk!
Unknown command.
Unknown command.
As you read the scroll of fear, it crumbles to dust.
You assume a fearsome visage.
The moth of wrath looks frightened!
The ettin resists with almost no effort.
The orc knight looks frightened!
The two-headed ogre resists with some effort.
The orc knight hits you with the cursed +3 glaive "Iroqemoa" {antimagic, Int+3}!
You feel your power leaking away. The two-headed ogre barely misses you.
The two-headed ogre misses you. The ettin completely misses you.
The ettin hits you with a +1 giant club of flaming!!!
You die...

####........................†.<†
#.....................[.(....#)#
#.###...#####...###.##..........
#.##..###O..###[.#..........##..
#.##)## ##T...##................
#.#))### #..#.##...##..##...#...
#.#)##.#≈#.######..##.##........
#...#O.##).. #oo#.....##...#####
#..©#Q...:_.##C@#©....#....#####
##..#...#.$...OO#...............
##.##.##≈#...y##...............
#..#..###....#.........♣♣....♣
##.###..#...##.#..##...♣♣.♣P.♣
#..###...###....###....PP♣♣.P
##...#####........#.....♣♣♣P.
###..............##...[.....
#####.....#...............


You could see 2 orc knights, an ettin (berserk), 2 two-headed ogres and a moth
of wrath (fleeing).

Vanquished Creatures
  A fire dragon (D:15)
  An ice dragon (D:15)
  8 vault guards (D:14)
  A hydra (Lair:5)
  Erica (Orc:1)
  2 two-headed ogres (D:9)
  3 tengu warriors (D:15)
  An orc high priest (Orc:2)
  6 death yaks (Lair:3)
  2 skeletal warriors (Volcano)
  An unseen horror (D:12)
  2 lindwurms (Lair:5)
  2 deep elf magi
  An orb spider (shapeshifter) (D:15)
  An anaconda skeleton (Volcano)
  6 ugly things
  3 manticores
  A cyclops (D:15)
  4 elephants (Lair:5)
  Psyche (D:9)
  10 black mambas
  4 centaur skeletons
  7 gargoyles
  12 spiny frogs
  2 rime drakes
  4 kobold demonologists
  2 komodo dragons
  A redback zombie (D:14)
  5 trolls
  A polar bear (Lair:5)
  Prince Ribbit (D:9)
  2 hornets
  2 harpy skeletons (Volcano)
  Grinder (D:5)
  18 blink frogs
  7 hippogriffs
  A vampire (D:14)
  2 flying skulls (Volcano)
  A shadow (D:13)
  9 wyverns
  2 basilisks (Lair:4)
  4 hogs (D:7)
  A redback (Lair:6)
  Eustachio (D:4)
  33 yaks
  2 hungry ghosts
  A human (D:7)
  2 vampire mosquitoes (D:12)
  2 wargs
  19 water moccasins
  7 porcupines
  2 sky beasts
  34 orc warriors
  4 ice beasts
  A black bear (D:11)
  13 centaurs
  6 ogres
  10 wolves (Lair:4)
  16 crocodiles
  8 big kobolds
  21 bullfrogs
  A gnoll sergeant (D:7)
  A water moccasin zombie (D:8)
  9 scorpions
  16 wights
  15 killer bees
  A howler monkey (D:7)
  A troll skeleton (Volcano)
  4 electric eels (D:11)
  2 centaur zombies
  A quasit (D:6)
  2 bullfrog zombies
  5 jellies
  9 crimson imps
  9 hounds
  3 bullfrog skeletons
  27 orc priests
  21 orc wizards
  A gnoll shaman (D:9)
  4 iguanas
  7 worker ants
  2 killer bee zombies
  A naga skeleton (Volcano)
  8 mummies (Ossuary)
  2 worker ant zombies (D:10)
  14 gnolls
  16 adders
  5 shadow imps
  4 oozes
  An adder zombie (D:5)
  2 adder skeletons
  4 worms
  A dart slug (D:3)
  5 leopard geckos
  121 orcs
  7 giant cockroaches
  8 goblins
  11 hobgoblins
  15 jackals
  6 quokkas
  5 ball pythons
  5 bats
  2 frilled lizards
  2 gnoll zombies (Ossuary)
  2 hobgoblin zombies (Ossuary)
  A jackal zombie (D:5)
  9 kobolds
  4 kobold zombies (Ossuary)
  A quokka zombie (D:5)
  8 rats
  A fungus (Lair:6)
741 creatures vanquished.

Vanquished Creatures (collateral kills)
  Nessos (Lair:4)
  A hydra (Lair:4)
  4 orc high priests (Orc:2)
  Urug (Orc:2)
  2 orc sorcerers (Orc:2)
  A troll (Orc:2)
  A hornet (Lair:5)
  A basilisk (Lair:4)
  A water moccasin (Lair:5)
  A porcupine (Lair:4)
  11 orc warriors (Orc:2)
  2 ogres (Orc:2)
  3 electric eels (Lair:4)
  12 orc wizards (Orc:2)
  15 orc priests (Orc:2)
  11 orcs (Orc:2)
  A fungus (Lair:4)
69 creatures vanquished.

Vanquished Creatures (others)
  A wizard (D:4)
  A blink frog (Lair:4)
  A flying skull (Volcano)
  A bullfrog (D:6)
  An orc wizard (D:6)
  A worker ant zombie (D:11)
  An orc (Orc:1)
  A bush (D:15)
  22 fungi
  30 plants
60 creatures vanquished.

Grand Total: 870 creatures vanquished

Notes
Turn   | Place    | Note
-------+----------+-------------------------------------------
     0 | D:1      | robertstho the Deep Dwarf Fighter began the quest for the
                  | Orb.
     0 | D:1      | Reached XP level 1. HP: 20/20 MP: 1/1
    66 | D:1      | Reached XP level 2. HP: 25/27 MP: 2/2
   584 | D:2      | Reached XP level 3. HP: 31/34 MP: 3/3
   597 | D:2      | Found an iron altar of Okawaru.
   609 | D:2      | Found a shadowy altar of Dithmenos.
   784 | D:2      | Reached XP level 4. HP: 40/42 MP: 4/4
  1071 | D:3      | Reached skill level 1 in Dodging
  1088 | D:3      | HP: 1/42 [orc priest/divine providence (14)]
  1105 | D:3      | Reached skill level 4 in Armour
  1105 | D:3      | Reached XP level 5. HP: 16/49 MP: 5/5
  1213 | D:3      | Found a shimmering blue altar of Sif Muna.
  1637 | D:4      | Reached XP level 6. HP: 46/56 MP: 5/5
  1711 | D:4      | Found a sparkling altar of Nemelex Xobeh.
  1837 | D:4      | Found a shimmering altar of Xom.
  1913 | D:4      | Found Itumnucwir's Antique Weapon Boutique.
  1952 | D:4      | Noticed Eustachio
  1962 | D:4      | Killed Eustachio
  2022 | D:4      | Found a bloodstained altar of Trog.
  2025 | D:4      | Noticed a wizard
  2030 | D:4      | Killed a wizard
  2322 | D:5      | Entered Level 5 of the Dungeon
  2322 | D:5      | Found a basalt altar of Yredelemnul.
  2331 | D:5      | Reached XP level 7. HP: 36/63 MP: 5/5
  2356 | D:5      | Reached skill level 5 in Armour
  2382 | D:5      | Found a hide-covered altar of Uskayaw.
  2390 | D:5      | Reached skill level 5 in Axes
  2439 | D:5      | Reached skill level 5 in Shields
  2520 | D:5      | Noticed Grinder
  2526 | D:5      | Killed Grinder
  2526 | D:5      | Reached XP level 8. HP: 47/73 MP: 5/5
  3174 | D:6      | Got a pair of warped gloves
  3188 | D:5      | Identified the +1 pair of gloves "Efrymodd" {rN+ Regen+
                  | Stlth+} (You found it on level 6 of the Dungeon)
  3287 | D:6      | Reached skill level 6 in Armour
  3685 | D:6      | Reached skill level 5 in Fighting
  3719 | D:6      | Reached skill level 7 in Armour
  3744 | D:6      | Gained mutation: You passively map the area around you.
                  | [Deep Dwarf growth]
  3744 | D:6      | Reached XP level 9. HP: 35/81 MP: 5/5
  4057 | D:7      | Reached skill level 5 in Dodging
  4356 | D:7      | Found a shadowy altar of Dithmenos.
  4474 | D:7      | Found a sand-covered staircase.
  4485 | D:7      | Found a staircase to the Ecumenical Temple.
  4488 | Ossuary  | Entered an ossuary
  4769 | D:7      | Identified a scroll of acquirement
  4870 | D:7      | Reached skill level 8 in Armour
  5054 | D:7      | Noticed a manticore
  5068 | D:7      | Killed a manticore
  5068 | D:7      | Reached XP level 10. HP: 55/91 MP: 4/4
  5122 | D:7      | Found Diythro's Book Emporium.
  5303 | Temple   | Entered the Ecumenical Temple
  5315 | Temple   | Became a worshipper of Makhleb the Destroyer
  5341 | D:8      | Found Jekk's Distillery.
  5363 | D:7      | Reached skill level 1 in Invocations
  5513 | D:8      | Bought a potion of might for 52 gold pieces
  5513 | D:8      | Bought a potion of curing for 39 gold pieces
  5513 | D:8      | Bought a potion of haste for 130 gold pieces
  5513 | D:8      | Bought a potion of heal wounds for 65 gold pieces
  5513 | D:8      | Bought a potion of curing for 39 gold pieces
  5513 | D:8      | Bought a potion of heal wounds for 65 gold pieces
  5513 | D:8      | Bought a potion of stabbing for 52 gold pieces
  5513 | D:8      | Bought a potion of heal wounds for 65 gold pieces
  5513 | D:8      | Bought a potion of resistance for 130 gold pieces
  5528 | D:8      | Reached * piety under Makhleb
  5615 | D:8      | Found Xaticasy's Food Shoppe.
  5837 | D:9      | Found a blossoming altar of Fedhas.
  5894 | D:9      | Paralysed by a hornet for 2 turns
  5943 | D:9      | Noticed Prince Ribbit
  5965 | D:9      | Killed Prince Ribbit
  5965 | D:9      | Reached skill level 10 in Axes
  5965 | D:9      | Reached skill level 9 in Armour
  6007 | D:9      | Reached ** piety under Makhleb
  6026 | D:9      | Found a staircase to the Lair.
  6055 | D:9      | Noticed Psyche
  6074 | D:9      | Killed Psyche
  6130 | D:9      | Noticed a two-headed ogre
  6140 | D:9      | Killed a two-headed ogre
  6140 | D:9      | Reached XP level 11. HP: 58/100 MP: 5/7
  6218 | D:9      | Noticed a two-headed ogre
  6231 | D:9      | Killed a two-headed ogre
  6474 | D:10     | Entered Level 10 of the Dungeon
  6617 | D:10     | Paralysed by fainting for 11 turns
  6829 | D:10     | Reached *** piety under Makhleb
  6914 | D:10     | You fall into a shaft and drop 3 floors!
  7149 | D:13     | Found a shimmering blue altar of Sif Muna.
  7235 | D:13     | Reached skill level 5 in Invocations
  8053 | D:12     | Reached skill level 10 in Armour
  8326 | D:12     | Killed an unseen horror
  8395 | D:12     | You fall into a shaft and drop 1 floor!
  8744 | D:11     | Noticed a brown ugly thing
  8750 | D:11     | Reached **** piety under Makhleb
  8769 | D:10     | Killed a brown ugly thing
  8968 | D:11     | Identified the Disquisition on Helpful Poisoning
  9021 | D:11     | Reached XP level 12. HP: 87/111 MP: 9/9
  9202 | D:11     | Found a staircase to the Orcish Mines.
  9672 | D:10     | Found Roxusk's Retail Resort.
  9699 | D:10     | Bought a scroll of remove curse for 39 gold pieces
  9699 | D:10     | Bought an uncursed ring of resist corrosion for 260 gold
                  | pieces
  9790 | D:10     | Found a runed translucent gate.
  9813 | D:10     | Found a runed translucent gate.
  9814 | D:10     | Found a runed translucent gate.
  9814 | D:10     | Identified the +6 short sword "Iridiest" {chaos, Str+2}
  9815 | D:10     | Noticed Xuty's ghost (journeyman GnFi)
 10103 | D:10     | Reached ***** piety under Makhleb
 10526 | Lair:1   | Entered Level 1 of the Lair of Beasts
 11161 | Lair:2   | Reached skill level 11 in Armour
 11357 | Lair:2   | Found a dark tunnel.
 11372 | Volcano  | Entered a volcano
 11775 | Lair:2   | Reached XP level 13. HP: 90/121 MP: 11/11
 12465 | Lair:3   | Reached skill level 1 in Long Blades
 12548 | Lair:3   | Found a staircase to the Snake Pit.
 12582 | Lair:3   | Identified Sif Muna's Disquisition on Ensnaring
                  | Self-Knowledge
 13337 | Lair:4   | Got a faintly glowing scale mail
 13348 | Lair:4   | Identified the +1 scale mail "Zevaimuc" {*Slow rElec rC+
                  | MR+} (You found it on level 4 of the Lair of Beasts)
 13509 | Lair:4   | Found a staircase to the Shoals.
 13734 | Lair:4   | Noticed Nessos
 13753 | Lair:4   | Killed Nessos
 14123 | Lair:5   | Reached skill level 12 in Armour
 14234 | Lair:5   | Reached skill level 10 in Fighting
 14284 | Lair:5   | Found a staircase to the Slime Pits.
 14365 | Lair:5   | Reached skill level 5 in Long Blades
 14365 | Lair:5   | Reached skill level 10 in Dodging
 14365 | Lair:5   | Reached skill level 1 in Evocations
 14374 | Lair:5   | Reached ****** piety under Makhleb
 14948 | Lair:5   | Identified the Guide on Vitriolic Transformation
 15096 | Lair:6   | Entered Level 6 of the Lair of Beasts
 15104 | Lair:6   | Gained mutation: You resist negative energy. (rN+) [Deep
                  | Dwarf growth]
 15104 | Lair:6   | Reached XP level 14. HP: 86/132 MP: 11/11
 15370 | Lair:6   | Noticed an Executioner
 15371 | Lair:6   | HP: 6/133 [death yak (20)]
 15372 | Lair:6   | Paralysed by a hornet for 1 turns
 15373 | Lair:6   | HP: 2/133 [spiny frog (9)]
 15753 | Orc:1    | Entered Level 1 of the Orcish Mines
 15753 | Orc:1    | Noticed Erica
 15778 | Orc:1    | Killed Erica
 15886 | Orc:2    | Entered Level 2 of the Orcish Mines
 15980 | Orc:2    | Found a roughly hewn altar of Beogh.
 16090 | Orc:2    | Noticed Urug
 16107 | Orc:2    | Reached skill level 10 in Invocations
 16258 | Orc:2    | Killed Urug
 16420 | Orc:2    | Found a roughly hewn altar of Beogh.
 16439 | Orc:2    | Found a staircase to the Elven Halls.
 16553 | Orc:2    | Found Dacies's Antique Armour Shoppe.
 16553 | Orc:2    | Found Fanamn's Book Shoppe.
 16554 | Orc:2    | Found Ficeg's Assorted Antiques.
 16557 | Orc:2    | Found Gioriw's Jewellery Emporium.
 16562 | Orc:2    | Bought 3 scrolls of fog for 180 gold pieces
 16562 | Orc:2    | Bought a sharpened copper wand for 120 gold pieces
 16562 | Orc:2    | Bought a scroll of identify for 60 gold pieces
 16562 | Orc:2    | Bought a scroll of remove curse for 90 gold pieces
 16562 | Orc:2    | Bought a scroll of teleportation for 90 gold pieces
 16918 | D:14     | Found a flagged portal.
 16927 | D:14     | Got a bloodstained halberd
 16935 | Bailey   | Entered a bailey
 16937 | Bailey   | Identified the +4 halberd of Overwhelming Force {vorpal,
                  | Int+2} (You found it on level 14 of the Dungeon)
 17607 | D:14     | Found a gate to the Vaults.
 17620 | D:14     | Reached skill level 1 in Polearms
 17653 | D:14     | HP: 1/133 [vault guard/+0 dire flail (10)]
 18810 | D:15     | Entered Level 15 of the Dungeon
 19081 | D:15     | Identified the cursed +3 glaive "Iroqemoa" {antimagic,
                  | Int+3}
 19082 | D:15     | Identified the +5 great sword "Ashryi Varph" {elec, rC+
                  | Dex-2 Stlth+}
 19083 | D:15     | Identified the +7 great mace of the Dwarven Hall {vamp,
                  | +Blink MR++ Str-2 SInv}
 19091 | D:15     | Found a bloodstained altar of Trog.
 19091 | D:15     | Noticed snetch's ghost (journeyman MiBe)
 19132 | D:15     | Reached skill level 13 in Armour
 19175 | D:15     | Reached XP level 15. HP: 70/142 MP: 2/2
 19186 | D:15     | Found a staircase to the Depths.
 19288 | D:15     | Identified the +7 war axe of Sekkuty {flame, *Contam Int+6
                  | Dex+7}
 19289 | D:15     | Found a transporter.
 19294 | D:15     | Found a transporter.
 19385 | D:15     | Mangled by an ettin

Levels and vault maps discovered:
D:1:      roderic_crossed_star, layout_basic
D:2:      layout_basic, okawaru_gym_becter, first_ration, grunt_dithmenos_smoke
D:3:      layout_rooms, lemuel_crystal_altar
D:4:      layout_basic, xom_butterflies, nemelex_altar_shiori, serial_shops,
          shop, hangedman_decor_lopped, trog_wizard, uniq_eustachio
D:5:      layout_cave_pods, old_standard_altar, basic_altar, uniq_grinder
D:6:      layout_basic, lemuel_flamethrower_2
D:7:      cheibrodos_barr_body, layout_basic, marbit_many_paths,
          minmay_temple_entry_purple_smoke, enter_ossuary_3, serial_shops,
          kennysheep_little_box, grunt_livestock
D:8:      layout_rooms, serial_shops, shop, nicolae_shop_crystal
D:9:      layout_roguey, lair_entry_dummy, fedhas_altar_3, uniq_prince_ribbit1,
          uniq_psyche
D:10:     layout_stronghold, gammafunk_ghost_nasty_kobolds,
          nicolae_alphabet_shops, nicolae_two_hexagons, wad_floor_pattern_2,
          hex_tiny
D:11:     layout_small_grid, erik_orc_2, minmay_misc_feat_tiny
D:12:     layout_layer_cave
D:13:     layout_loops_corners, basic_altar, due_unseen_surprise
D:14:     layout_roguey, erik_vaults_2, enter_bailey_2, abandoned_shop,
          serial_co_window_serial, co_window_of_opportunity_a,
          co_window_corner_a, co_window_paths_b, co_window_paths_a,
          co_window_corner_a, co_window_paths_a, co_window_unsneaky_path_b,
          co_window_unsneaky_path_a, co_window_2corner,
          co_window_of_opportunity_b, co_window_paths_d, glass_columns_a,
          glass_columns_c, glass_columns_b, glass_columns_a
D:15:     grunt_enter_depths_hoard, layout_rooms,
          gammafunk_ghost_wrathful_warriors, serial_park_paths
          [serial_park_minivault_5x5_6]
Temple:   nicolae_temple_x_marks_the_god
Lair:1:   layout_misc_corridors, serial_bayou_crossing
Lair:2:   layout_small_grid, lightli_volcano_entry_magma_tube,
          gauntlet_entry_generic, beast_lair_carwin_4
Lair:3:   layout_roguey, minmay_snake_entry_six_corridors, lemuel_old_faithful
Lair:4:   layout_regular_city, elwin_shoals_entry_rocks, disabler_island,
          grunt_megastairs_3, uniq_nessos
Lair:5:   cheibrodos_lair_overgrown_chateau, layout_big_grid,
          nicolae_slime_entry_slimehenge, serial_forest,
          infiniplex_forest_clump_tiny, infiniplex_forest_split,
          infiniplex_forest_end_3, infiniplex_forest_lined_4_way,
          infiniplex_forest_lined_1, infiniplex_forest_straight_2, st_stairs_12,
          nicolae_lair_grove_arrangements
Lair:6:   hangedman_lair_tendril_chambers, layout_cave_pods, wormcave
Orc:1:    layout_caves, basic_altar, nicolae_orc_crystal_geode, uniq_erica
Orc:2:    st_orc_mages, layout_caves, basic_altar, mines2_david, uniq_urug

Skill      XL: |  1  2  3  4  5  6  7  8  9 10 11 12 13 14 15 |
---------------+----------------------------------------------+-----
Fighting       | 3 4 5 6 7 8 9 10 11 | 11.3
Axes           | 3 4 6 7 9 10 11 12 | 12.9
Dodging        | 1 2 3 4 6 7 8 9 10 11 | 11.0
Armour         | 4 5 7 8 9 10 11 12 13 | 13.0
Shields        | 4 5 7 8 9 |  9.6
Invocations    | 4 6 7 9 10 11 | 11.0
Long Blades    | 5 7 |  7.3
Evocations     | 1 |  1.7
Polearms       | 4 |  4.7
Stealth        | |  0.8

Action                   |  1- 3 |  4- 6 |  7- 9 | 10-12 | 13-15 || total
-------------------------+-------+-------+-------+-------+-------++-------
Melee: War axe           |   101 |   197 |   418 |       |       ||   716
       Broad axe         |       |       |    59 |   835 |       ||   894
       Great sword       |       |       |       |     6 |   575 ||   581
       Halberd           |       |       |       |       |   513 ||   513
Throw: Javelin           |       |       |       |     4 |    10 ||    14
Invok: Greater Servant o |       |       |       |       |     7 ||     7
 Abil: Heal Wounds       |     1 |     5 |    21 |     8 |    56 ||    91
       Evoke Berserk Rag |       |       |       |       |     6 ||     6
Evoke: Wand              |       |       |       |     4 |    22 ||    26
  Use: Potion            |       |       |     5 |     3 |    24 ||    32
       Scroll            |       |       |    15 |     8 |    16 ||    39
 Stab: Confused          |       |       |       |       |     2 ||     2
  Eat: Chunk             |       |     5 |    12 |    26 |    28 ||    71
       Ration            |       |       |     1 |       |     2 ||     3
Armor: Scale mail        |    46 |    49 |       |       |   620 ||   715
       Chain mail        |       |    44 |   201 |   359 |       ||   604
       Plate armour      |       |     9 |    61 |   121 |   247 ||   438
       Skin              |       |       |     7 |       |       ||     7
Dodge: Dodged            |    24 |    58 |   155 |   369 |  1307 ||  1913
Block: Kite shield       |    54 |   133 |   303 |   559 |       ||  1049
       Rpst.: Great sword |       |       |       |       |   235 ||   235

Table legend:
 A = Non-vault XP
 B = Vault XP
 C = Vault XP percentage of total XP
 D = Non-vault monster count
 E = Vault monster count
 F = Vault count percentage of total count
                 A         B        C        D         E       F
            +---------+---------+-------+---------+---------+-------
      Total |   67311 |   39190 |  36.8 |     584 |     226 |  27.9
            +---------+---------+-------+---------+---------+-------
        D:1 |      24 |       0 |   0.0 |      13 |       0 |   0.0
        D:2 |      83 |       0 |   0.0 |      24 |       0 |   0.0
        D:3 |     169 |       0 |   0.0 |      34 |       0 |   0.0
        D:4 |     193 |     197 |  50.5 |      13 |       1 |   7.1
        D:5 |     717 |     254 |  26.2 |      20 |       1 |   4.8
        D:6 |    1203 |       0 |   0.0 |      34 |       0 |   0.0
        D:7 |    2091 |    2016 |  49.1 |      36 |      15 |  29.4
        D:8 |    1274 |       0 |   0.0 |      30 |       0 |   0.0
        D:9 |    3774 |     731 |  16.2 |      39 |       2 |   4.9
       D:10 |    4208 |    1498 |  26.3 |      50 |      10 |  16.7
       D:11 |    3602 |     769 |  17.6 |      30 |      20 |  40.0
       D:12 |    2908 |       0 |   0.0 |      20 |       0 |   0.0
       D:13 |     735 |       0 |   0.0 |      10 |       0 |   0.0
       D:14 |    4464 |    7867 |  63.8 |      31 |       8 |  20.5
       D:15 |   10041 |    2137 |  17.5 |      29 |       2 |   6.5
     Lair:1 |    3252 |       0 |   0.0 |      15 |       0 |   0.0
     Lair:2 |    4858 |     847 |  14.8 |      22 |       6 |  21.4
     Lair:3 |    6137 |    1577 |  20.4 |      15 |      11 |  42.3
     Lair:4 |    3813 |    1926 |  33.6 |      22 |      11 |  33.3
     Lair:5 |    6535 |    4008 |  38.0 |      19 |      20 |  51.3
     Lair:6 |    3707 |    3564 |  49.0 |      13 |      16 |  55.2
      Orc:1 |     555 |     939 |  62.9 |      11 |       1 |   8.3
      Orc:2 |    2968 |    3973 |  57.2 |      54 |      35 |  39.3
    Ossuary |       0 |     150 | 100.0 |       0 |      16 | 100.0
     Bailey |       0 |    2285 | 100.0 |       0 |      39 | 100.0
    Volcano |       0 |    4452 | 100.0 |       0 |      12 | 100.0
            +---------+---------+-------+---------+---------+-------
